 Dungeon Crawl Stone Soup version 0.30.0-19-g36f170ea60 (webtiles) character file.

Game seed: 9613184434462820625

80 FishyPogo the Grave Robber (level 4, -1/30 HPs)
             Began as a Demonspawn Necromancer on May 30, 2023.
             Killed from afar by a white imp (10 damage)
             ... with a puff of frost
             ... on level 5 of the Dungeon.
             The game lasted 00:09:18 (1632 turns).

FishyPogo the Grave Robber (Demonspawn Necromancer) Turns: 1632, Time: 00:09:19

Health: -1/30      AC:  3    Str:  8    XL:     4   Next: 18%
Magic:  5/7        EV: 12    Int: 19    God:
Gold:   87         SH:  5    Dex: 13    Spells: 7/8 levels left

rFire   . .          .
                       - Unarmed
rCold   . . .        (no shield)
rNeg    . . .        a - +0 robe
rPois   .            (helmet restricted)
rElec   .            (no cloak)
rCorr   .            (no gloves)
SInv    .            j - +0 pair of boots
Will    .....        d - amulet of reflection
Stlth   ++           (no ring)
HPRegen 0.25/turn    (no ring)
MPRegen 0.10/turn

%: reflection
@: no status effects
A: horns 1
a: no special abilities


You were on level 5 of the Dungeon.
You visited 1 branch of the dungeon, and saw 4 of its levels.

You collected 87 gold pieces.

Inventory:

Missiles
 g - 27 stones
 o - 5 poisoned darts
Armour
 a - a +0 robe (worn)
 j - a +0 pair of boots (worn)
Jewellery
 d - an amulet of reflection (around neck)
 s - an amulet of the acrobat
Scrolls
 c - 2 scrolls of identify {unknown}
 f - a scroll of teleportation {unknown}
 k - a scroll of vulnerability {unknown}
 m - a scroll of immolation {unknown}
 n - a scroll of fog {unknown}
 p - a scroll of amnesia {unknown}
 q - a scroll of butterflies {unknown}
 r - a scroll of blinking {unknown}
Potions
 b - a potion of magic
 e - 2 potions of flight {unknown}
 h - 3 potions of curing {unknown}
 i - 3 potions of heal wounds {unknown}
 l - a potion of brilliance {unknown}
 t - 2 potions of haste {unknown}


   Skills:
 - Level 2.0 Dodging
 - Level 2.0 Stealth
 + Level 1.2 Unarmed Combat
 + Level 2.6 Spellcasting
 * Level 5.4 Necromancy


You had 7 spell levels left.
You knew the following spells:

 Your Spells              Type           Power      Damage    Failure   Level
a - Necrotise             Necr           92%        1d8       1%          1

Your spell library contained the following spells:

 Spells                   Type           Power      Damage    Failure   Level
 Vampiric Draining        Necr           23%        2d7       5%          3
 Magic Dart               Conj           8%         1d3       16%         1
 Animate Dead             Necr           23%        N/A       17%         4
 Searing Ray              Conj           4%         2d4       24%         2
 Agony                    Necr           23%        N/A       43%         5
 Fulminant Prism          Conj/Hex       1%         3d5       85%         4


Dungeon Overview and Level Annotations

Branches:
Dungeon (3/15)

Altars:
Uskayaw

Annotations:
D:5 Edmund


Innate Abilities, Weirdness & Mutations

You have a pair of small horns on your head.


Message History

Press: ? - help, Shift-Dir - straight line, f/p - adder
Aim: an adder (heavily wounded, ally target, chance to affect: 86%)
The adder writhes in agony.
The jelly quivers.
The white imp barely misses you.
Casting: Necrotise (safe; 1% risk of failure)
Confirm with . or Enter, or press ? or * to list all spells.
Aiming: Necrotise (safe; 1% risk of failure)
Press: ? - help, Shift-Dir - straight line, f/p - adder
Aim: an adder (severely wounded, ally target, chance to affect: 86%)
The adder writhes in agony.
You kill the adder!
The dead are slithering!
Your orc skeleton hits the white imp but does no damage.
The white imp gestures at you. The puff of frost hits you!
Unknown command.
Unknown command.
Unknown command.
You barely miss the white imp.
Your orc skeleton barely misses the white imp.
Your adder skeleton closely misses Edmund.
The white imp gestures at you. The puff of frost hits you!
Edmund hits your adder skeleton with a +2 heavy flail!
Your adder skeleton is destroyed!
The white imp hits your orc skeleton.
The white imp freezes your orc skeleton.
Your orc skeleton completely resists.
Your orc skeleton completely misses the white imp.
The jelly hits your orc skeleton.
Your orc skeleton is destroyed!
Things that are here:
a +0 dagger; a +0 leather armour The white imp gestures at you.
The puff of frost hits you.
* * * LOW HITPOINT WARNING * * *
The white imp gestures at you. The puff of frost hits you!
You die...

#######
#...@.#####
#.###.#...##
#.###......#
#...........#
#..#.#......# #
# #.#...5..# ..
......#J#.#
###.####..#.#.#
......##..#.#.#


You could see a jelly and a white imp.

Vanquished Creatures
  4 adders
  A worm (D:2)
  2 dart slugs
  An orc (D:5)
  6 ball pythons
  5 endoplasms
  2 goblins
  2 hobgoblins
  3 kobolds (D:1)
  3 quokkas
  4 bats (D:1)
  A frilled lizard (D:2)
  3 rats
37 creatures vanquished.

Notes
Turn   | Place    | Note
-------+----------+-------------------------------------------
     0 | D:1      | FishyPogo the Demonspawn Necromancer began the quest for
                  | the Orb.
     0 | D:1      | Reached XP level 1. HP: 13/13 MP: 3/3
    96 | D:1      | Gained mutation: You have a pair of small horns on your
                  | head. [demonic ancestry]
    96 | D:1      | Reached XP level 2. HP: 19/19 MP: 3/5
   817 | D:2      | Found a hide-covered altar of Uskayaw.
   900 | D:2      | Reached XP level 3. HP: 24/24 MP: 2/6
  1098 | D:2      | Reached skill level 5 in Necromancy
  1208 | D:2      | Reached skill level 1 in Unarmed Combat
  1452 | D:2      | Reached XP level 4. HP: 30/30 MP: 2/7
  1597 | D:3      | You fall into a shaft and drop 2 floors!
  1597 | D:5      | Entered Level 5 of the Dungeon
  1614 | D:5      | Noticed Edmund
  1632 | D:5      | Killed from afar by a white imp

Illustrated notes

Levels and vault maps discovered:
D:1:      dpeg_arrival_solitude, layout_loops_cross, minmay_tall_x
D:2:      layout_basic, basic_altar
D:3:      layout_basic
D:5:      layout_loops_cross, minmay_temple_entry_sparse_star, serial_shops,
          nicolae_shop_tiny_statue_garden, uniq_edmund

Skill      XL: |  1  2  3 |
---------------+----------+-----
Stealth        | 2 |  2.0
Dodging        | 2 |  2.0
Necromancy     | 5 |  5.4
Unarmed Combat | 1 |  1.2
Spellcasting   | |  2.6

Action                     |  1- 3 |  4- 6 || total
---------------------------+-------+-------++-------
  Melee: Unarmed           |    17 |     1 ||    18
         Headbutt          |     1 |       ||     1
  Throw: Dart              |     2 |       ||     2
   Cast: Necrotise         |    60 |     4 ||    64
 Armour: Robe              |     2 |       ||     2
  Dodge: Dodged            |    11 |     1 ||    12
